 Dungeon Sprint DCSS version 0.21.2 (webtiles) character file.

848 Fang the Cleaver (level 8, -5/87 HPs)
             Began as a Gargoyle Berserker on Sept 25, 2018.
             Was a High Priest of Trog.
             Slain by an orc warrior
             ... wielding a +0 hand axe
             ... led by an orc knight
              (12 damage)
             ... in the Dungeon (Sprint VII: "The Pits").
             The game lasted 00:01:49 (822 turns).

Fang the Cleaver (Gargoyle Berserker)                Turns: 822, Time: 00:01:49

Health: -5/87      AC: 20    Str: 28    XL:     8   Next: 1%
Magic:  8/8        EV:  9    Int:  8    God:    Trog [*****.]
Gold:   0          SH:  0    Dex:  9    Spells: 7/7 levels left

rFire    . . .     SeeInvis .   m - +1 hand axe (chop)
rCold    . . .     Gourm    .   (no shield)
rNeg     + . .     Faith    .   n - +2 plate armour
rPois    ∞         Spirit   .   (no helmet)
rElec    +         Reflect  .   (no cloak)
rCorr    .         Harm     .   (no gloves)
MR       .....     NoTele   +   (no boots)
Stlth    ..........             (no amulet)
HPRegen  0.24/turn              (no ring)
MPRegen  0.11/turn              (no ring)

@: berserking (expiring), very quick
A: negative energy resistance 1, electricity resistance, unbreathing,
petrification resistance, rot immunity, AC +5
a: Berserk, Trog's Hand, Brothers in Arms, Burn Spellbooks, Renounce Religion


You were in the Dungeon.
You worshipped Trog.
Trog was extremely pleased with you.
You were near starving.

You visited 1 branch

Inventory:

Hand Weapons
 j - a +2 hand axe
 m - a +1 hand axe of chopping (weapon)
Armour
 n - a +2 plate armour (worn)
Scrolls
 i - a scroll of blinking
 k - 3 scrolls of remove curse
 l - a scroll of summoning
Potions
 a - 2 potions of invisibility
 d - 6 potions of curing
 e - 6 potions of heal wounds
 f - a potion of haste
 g - 4 potions of magic
 h - 3 potions of berserk rage
Comestibles
 c - 9 rations


   Skills:
 + Level 10.4 Fighting
 + Level 10.8 Axes
 + Level 6.4 Armour
 + Level 5.7 Dodging
 + Level 0.3 Stealth


You had 7 spell levels left.
You didn't know any spells.

Dungeon Overview and Level Annotations

Branches:
Dungeon (1/1)

Altars:
Cheibriados
Dithmenos
Elyvilon
Fedhas
Gozag
Hepliaklqana
Makhleb
Nemelex Xobeh
Okawaru
Qazlal
Ru
Sif Muna
Trog
Vehumet
Wu Jian
Xom
Yredelemnul
Zin
The Shining One
Beogh
Jiyva
Lugonu


Innate Abilities, Weirdness & Mutations

You are resistant to torment.
Your stone body is resilient. (AC +5)
You are immune to poison.
You resist negative energy. (rN+)
You are resistant to electric shocks. (rElec)
You can survive without breathing.
You are immune to petrification.
You are immune to rotting.


Message History

The orc warrior hits you with a hand axe!
* * * LOW HITPOINT WARNING * * *
Unknown command.
You hit the freezing wraith.
You destroy the freezing wraith!
Trog accepts your kill.
Your Fighting skill increases to level 10!
Your Axes skill increases to level 10!
Your Armour skill increases to level 6!
You have reached level 8!
You feel clever.
You hit the orc warrior.
The orc knight hits you from afar with a halberd!
* * * LOW HITPOINT WARNING * * *
You slash the orc!
You feel the power of Trog in you as your rage grows.
You kill the orc!
Trog accepts your kill.
Your plate armour prevents you from hitting the orc warrior.
The orc warrior hits you with a hand axe!
You die...

#.#.....#'###...<...#
#.#........##.......#
#.#........##.......#
#'###########.......#
#..#.#.##..##########
#.......#)######
##.#.#.##(#....#
#..÷....#O#o...#
##.#.#.##(@)o..+
#.......#'#)...#
##.#.#..÷.#....#
###############


You could see an orc knight, an orc warrior and a friendly two-headed ogre
(berserk).

Vanquished Creatures
  A freezing wraith (D)
  A flying skull (D)
  A porcupine (D)
  A black bear (D)
  A centaur (D)
  A necrophage (D)
  A bullfrog (D)
  An adder (D)
  An ufetubus (D)
  An ooze (D)
  A worm (D)
  A leopard gecko (D)
  5 orcs (D)
  A bat (D)
  2 bat zombies (D)
  A giant cockroach (D)
  3 jackals (D)
  2 quokkas (D)
  A ball python (D)
  2 kobolds (D)
29 creatures vanquished.

Notes
Turn   | Place    | Note
-------+----------+-------------------------------------------
     0 | D        | Fang the Gargoyle Berserker began the quest for the Orb.
     0 | D        | Reached XP level 1. HP: 14/14 MP: 1/1
    18 | D        | Found a bloodstained altar of Trog.
    18 | D        | Found a deep blue altar of Sif Muna.
    18 | D        | Found a viscous altar of Jiyva.
    18 | D        | Found a hazy altar of Hepliaklqana.
    18 | D        | Found an opulent altar of Gozag.
    19 | D        | Found a glowing golden altar of the Shining One.
    19 | D        | Found a glowing silver altar of Zin.
    19 | D        | Found a basalt altar of Yredelemnul.
    19 | D        | Found a shimmering altar of Xom.
    19 | D        | Found an ornate altar of the Wu Jian Council.
    19 | D        | Found a sacrificial altar of Ru.
    19 | D        | Found a stormy altar of Qazlal.
    19 | D        | Found an iron altar of Okawaru.
    19 | D        | Found a sparkling altar of Nemelex Xobeh.
    19 | D        | Found a burning altar of Makhleb.
    19 | D        | Found a blossoming altar of Fedhas.
    19 | D        | Found a white marble altar of Elyvilon.
    19 | D        | Found a shadowy altar of Dithmenos.
    19 | D        | Found a snail-covered altar of Cheibriados.
    21 | D        | Found a radiant altar of Vehumet.
    21 | D        | Found a corrupted altar of Lugonu.
    21 | D        | Found a roughly hewn altar of Beogh.
    65 | D        | Reached ** piety under Trog
   153 | D        | Reached XP level 2. HP: 20/20 MP: 2/2
   161 | D        | Reached *** piety under Trog
   336 | D        | Reached **** piety under Trog
   337 | D        | Reached skill level 5 in Fighting
   337 | D        | Reached XP level 3. HP: 25/26 MP: 3/3
   348 | D        | Noticed a necrophage
   349 | D        | Noticed a flying skull
   350 | D        | Noticed a bullfrog
   350 | D        | Noticed a black bear
   355 | D        | Killed a necrophage
   355 | D        | Reached XP level 4. HP: 32/32 MP: 4/4
   357 | D        | Killed a bullfrog
   357 | D        | Reached XP level 5. HP: 38/38 MP: 5/5
   359 | D        | Killed a black bear
   359 | D        | Reached ***** piety under Trog
   359 | D        | Reached XP level 6. HP: 44/44 MP: 6/6
   366 | D        | Killed a flying skull
   366 | D        | Reached skill level 5 in Armour
   366 | D        | Reached skill level 5 in Dodging
   467 | D        | Noticed a porcupine
   474 | D        | HP: 1/46 [porcupine (4)]
   476 | D        | Killed a porcupine
   476 | D        | Reached XP level 7. HP: 1/51 MP: 7/7
   788 | D        | Received a gift from Trog
   807 | D        | Noticed an orc knight
   807 | D        | Noticed a freezing wraith
   821 | D        | Killed a freezing wraith
   821 | D        | Reached skill level 10 in Fighting
   821 | D        | Reached skill level 10 in Axes
   821 | D        | Reached XP level 8. HP: 17/58 MP: 8/8
   822 | D        | Slain by an orc warrior

Skill      XL: |  1  2  3  4  5  6  7 |
---------------+----------------------+-----
Axes           | 3 4 6 7 9 10 | 10.8
Fighting       | 4 5 6 7 8 9 10 | 10.4
Dodging        | 2 3 4 5 |  5.7
Armour         | 3 4 5 6 |  6.4
Stealth        | |  0.3

Action                   |  1- 3 |  4- 6 |  7- 9 || total
-------------------------+-------+-------+-------++-------
Melee: Hand axe          |    47 |    20 |    33 ||   100
Invok: Berserk           |     1 |       |     1 ||     2
       Brothers in Arms  |       |       |     1 ||     1
Armor: Animal skin       |    19 |       |       ||    19
       Plate armour      |    20 |     9 |    20 ||    49
Dodge: Dodged            |    50 |     5 |    14 ||    69
